Map: [ESL] Ghost River

Players

gumiho - Winner!

  • Race: Terran Terran
  • Spawn Location: 11:00

ShoWTimE

  • Race: Protoss Protoss
  • League: Master
  • Spawn Location: 1:00

VOD

Have the link to the VOD?

Description

Time

  • Played on: June 23, 2024, 6:54 p.m.
  • Length: 7:42
Show
View Real Time Build Order
Export as new Build Order

gumiho Terran - Winner!

Build Orders:  

Get SALT Encoding   

  12  0:00  SCV  
  13  0:12  SCV  
  14  0:17  Supply Depot  
  14  0:24  SCV  
  15  0:38  SCV, Barracks  
  16  0:42  Refinery  
  16  0:50  SCV  
  16  0:52  Refinery  
  17  1:02  SCV  
  18  1:16  SCV  
  20  1:25  Reaper  
  20  1:28  Orbital Command  
  20  1:35  Supply Depot  
  20  1:40  Factory  
  21  1:54  SCV  
  21  1:57  Barracks Reactor  
  21  2:06  SCV  
  22  2:16  Command Center  
  22  2:20  SCV  
  23  2:31  Factory Tech Lab  
  23  2:32  SCV  
  23  2:33  Marine  
  23  2:34  Marine  
  26  2:39  Starport  
  26  2:45  Supply Depot  
  26  2:53  Siege Tank  
  26  2:57  Marine  
  30  2:58  Marine  
  31  3:08  SCV  
  32  3:15  Marine  
  32  3:16  Medivac, Marine  
  36  3:24  SCV  
  37  3:29  Orbital Command  
  37  3:33  Siege Tank  
  40  3:34  Marine  
  40  3:37  Marine  
  40  3:40  SCV  
  43  3:46  Supply Depot  
  43  3:53  SCV, Viking  
  46  3:56  SCV  
  46  4:00  Marine x2  
  49  4:07  Siege Tank  
  52  4:11  Supply Depot  
  52  4:13  SCV  
  52  4:15  SCV  
  54  4:18  Marine x2  
  55  4:34  Viking  
  55  4:36  Marine x2  
  58  4:54  Marine x2  
  58  4:55  SCV x2, Bunker  
  58  4:58  Cyclone  
  59  5:04  Viking  
  61  5:07  SCV x2  
  61  5:11  Supply Depot  
  62  5:15  Marine x2  
  62  5:19  SCV x2  
  65  5:30  Cyclone  
  65  5:31  SCV x2  
  65  5:32  Marine  
  65  5:33  Marine  
  65  5:34  Viking  
  73  5:43  SCV, Command Center  
  73  5:47  Supply Depot  
  73  5:48  SCV  
  73  5:55  SCV, Marine  
  73  5:56  Marine  
  76  6:00  SCV  
  76  6:03  Refinery  
  77  6:05  Viking  
  77  6:08  Siege Tank, SCV  
  77  6:10  Supply Depot  
  82  6:13  SCV, Marine  
  82  6:15  Marine  
  85  6:20  SCV  
  86  6:26  SCV  
  86  6:28  Supply Depot  
  86  6:29  Supply Depot  
  86  6:32  Marine  
  85  6:33  SCV, Marine  
  85  6:38  SCV  
  88  6:42  Siege Tank  
  88  6:45  SCV  
  92  6:49  Viking, Marine  
  92  6:51  Marine  
  90  6:58  SCV x2  
  90  7:07  Orbital Command, Marine  
  90  7:08  Barracks, Marine  
  87  7:10  Bunker, Barracks  
  87  7:12  Engineering Bay  
Show
View Real Time Build Order
Export as new Build Order

ShoWTimE Protoss 

Build Orders: 1 Gate Expand, Phoenix Opening, Mass Phoenix 

Get SALT Encoding   

  12  0:00  Probe  
  13  0:12  Probe  
  14  0:16  Pylon  
  14  0:24  Probe (Chrono Boost)  
  15  0:35  Gateway  
  15  0:36  Probe (Chrono Boost)  
  16  0:45  Probe (Chrono Boost)  
  16  0:46  Assimilator  
  17  0:50  Probe  
  18  1:03  Probe  
  19  1:15  Probe  
  20  1:22  Cybernetics Core  
  20  1:31  Nexus  
  20  1:35  Probe  
  21  1:41  Pylon  
  21  1:47  Probe  
  21  1:50  Assimilator  
  22  1:56  Adept (Chrono Boost)  
  22  1:59  Probe  
  25  2:11  Probe  
  25  2:15  Shield Battery  
  26  2:23  Probe, Stargate  
  27  2:30  Shield Battery  
  27  2:35  Warp Gate  
  28  2:37  Probe (Chrono Boost)  
  28  2:41  Stalker  
  30  2:44  Probe (Chrono Boost)  
  30  2:50  Probe (Chrono Boost)  
  32  2:54  Probe (Chrono Boost)  
  32  2:58  Probe (Chrono Boost)  
  34  3:01  Probe (Chrono Boost)  
  34  3:03  Probe (Chrono Boost)  
  36  3:07  Phoenix (Chrono Boost)  
  36  3:10  Probe  
  39  3:14  Probe  
  39  3:17  Pylon  
  40  3:23  Probe  
  40  3:26  Probe  
  42  3:28  Phoenix (Chrono Boost), Assimilator  
  44  3:35  Probe  
  44  3:38  Probe  
  44  3:40  Assimilator  
  46  3:46  Robotics Facility  
  46  3:47  Probe  
  47  3:50  Probe  
  47  3:54  Gateway  
  48  3:56  Phoenix  
  48  3:59  Probe  
  52  4:02  Probe  
  52  4:06  Shield Battery  
  52  4:07  Pylon  
  52  4:11  Probe  
  52  4:14  Probe  
  54  4:18  Pylon  
  54  4:25  Phoenix (Chrono Boost)  
  56  4:36  Adept  
  56  4:45  Phoenix (Chrono Boost)  
  60  4:48  Pylon x2  
  59  4:59  Pylon, Robotics Facility  
  55  5:01  Pylon  
  55  5:06  Phoenix (Chrono Boost)  
  57  5:07  Zealot x2  
  57  5:12  Shield Battery  
  61  5:16  Probe  
  63  5:25  Phoenix (Chrono Boost)  
  63  5:30  Pylon x2  
  63  5:40  Pylon  
  63  5:42  Pylon  
  63  5:48  Immortal  
  67  5:50  Phoenix  
  69  6:01  Sentry  
  69  6:02  Stalker  
  73  6:25  Immortal (Chrono Boost)  
  71  6:28  Zealot x2  
  77  6:33  Phoenix  
  79  6:41  Pylon  
  79  7:06  Stalker  
  63  7:31  Gateway  
  63  7:32  Gateway  
Tags
 
Add a new tag
Caveats
  • Supply blocks, unpowered buildings, or Contaminate may cause inaccurate times.
  • Supply counts are checked every 10 seconds.